 Dungeon Crawl Stone Soup version 0.31-a0-473-g61b50ae490 (webtiles) character file.

Game seed: 17944462479121888557

317 CraigForest the Shooter (level 6, 0/51 HPs)
             Began as a Formicid Hunter on Aug 7, 2023.
             Slain by a killer bee zombie (3 damage)
             ... on level 4 of the Dungeon.
             The game lasted 00:11:27 (3342 turns).

CraigForest the Shooter (Formicid Hunter)           Turns: 3342, Time: 00:11:27

Health: 0/51       AC:  4    Str: 16    XL:     6   Next: 73%
Magic:  6/6        EV: 12    Int:  8    God:
Gold:   144        SH:  0    Dex: 19    Spells: 5/5 levels left

rFire   . . .        l - +0 sling (freeze)
rCold   . . .        (no shield)
rNeg    . . .        c - +0 leather armour
rPois   .            (helmet unavailable)
rElec   .            (no cloak)
rCorr   .            p - +0 pair of gloves {hurl}
SInv    +            (no boots)
Will    +....        (no amulet)
Stlth   ++           (no ring)
HPRegen 0.28/turn    (no ring)
MPRegen 0.10/turn

%: no passive effects
@: no status effects
A: permanent stasis, dig shafts and tunnels, antennae 3, four strong arms,
strong-willed 1, robust 1
a: Dig, Shaft Self


You were on level 4 of the Dungeon.
You visited 1 branch of the dungeon, and saw 4 of its levels.

You collected 144 gold pieces.

Inventory:

Hand Weapons
 a - a +0 shortbow
 l - a +0 sling of freezing (weapon)
 m - a +1 dagger of draining
 t - a +2 short sword of venom
 u - a +0 arbalest
Missiles
 q - 6 atropa-tipped darts
Armour
 c - a +0 leather armour (worn)
 p - a +0 pair of gloves of hurling (worn)
Jewellery
 g - a ring of magical power
Talismans
 x - a maw talisman
Wands
 e - a wand of flame (21) (quivered)
Scrolls
 b - a scroll of butterflies
 f - 4 scrolls of blinking {unknown}
 h - 2 scrolls of identify
 j - 3 scrolls of noise {unknown}
 k - a scroll of fear {unknown}
 o - a scroll of enchant weapon {unknown}
 r - a scroll of enchant armour {unknown}
 s - a scroll of acquirement {unknown}
 v - 2 scrolls of teleportation
 w - 2 scrolls of immolation {unknown}
Potions
 d - a potion of curing
 i - 4 potions of mutation
 n - a potion of ambrosia {unknown}
 z - a potion of brilliance {unknown}
 A - a potion of attraction {unknown}


   Skills:
 + Level 3.6 Fighting
 + Level 6.5 Ranged Weapons
 + Level 1.7 Armour
 + Level 2.1 Dodging
 + Level 1.5 Stealth


You had 5 spell levels left.
You didn't know any spells.
Your spell library contained the following spells:

 Spells                   Type           Power      Damage    Failure   Level
 Apportation              Tloc           0%         N/A       47%         1
 Necrotise                Necr           0%         1d4       47%         1
 Summon Small Mammal      Summ           0%         N/A       47%         1
 Summon Guardian Golem    Hex/Summ       0%         N/A       85%         3
 Anguish                  Hex/Necr       0%         N/A       99%         4
 Cause Fear               Hex            0%         N/A       99%         4
 Arcjolt                  Conj/Air       0%         1d10      100%        5
 Enfeeble                 Hex            0%         N/A       100%        7
 Orb of Destruction       Conj           0%         9d5       100%        7
 Spellforged Servitor     Conj/Summ      0%         N/A       100%        7
 Maxwell's Capacitive Co  Air            0%         ∞         100%        8
 Vhi's Electric Charge    Tloc/Air       Unusable   N/A       N/A         3

Dungeon Overview and Level Annotations

Branches:
Dungeon (4/15)
 Temple: D:4-7

Altars:
Elyvilon
Trog
Vehumet
Xom

Annotations:
D:4 Newt's ghost, amateur MfGl


Innate Abilities, Weirdness & Mutations

You cannot be hasted, slowed, berserked, paralysed or teleported.
You can dig through walls and to a lower floor.
You have a pair of large antennae on your head. (SInv)
Your four strong arms can wield two-handed weapons with a shield.
You are strong-willed. (Will+)
You are robust. (+10% HP)


Message History

The puff of flame misses Newt's ghost.
The puff of flame hits the bullfrog zombie.
The bullfrog zombie is lightly damaged.
The killer bee zombie misses you. Newt's ghost barely misses you.
The killer bee zombie closely misses you.
Aiming: Throw Flame
Press: ? - help, Q - select action, (/) - cycle Shift-Dir - straight line, f/p - bullfrog zombie
Aim: a bullfrog zombie (lightly damaged, 81% to hit)
The puff of flame hits Newt's ghost.
Newt's ghost is lightly damaged.
Newt's ghost hits you but does no damage.
The killer bee zombie hits you.
Aiming: Throw Flame
Press: ? - help, Q - select action, (/) - cycle Shift-Dir - straight line, f/p - bullfrog zombie
Aim: a bullfrog zombie (lightly damaged, 81% to hit)
The puff of flame hits Newt's ghost!
Newt's ghost is moderately damaged.
The killer bee zombie barely misses you.
Newt's ghost hits you!
The killer bee zombie hits you but does no damage.
Aiming: Throw Flame
Press: ? - help, Q - select action, (/) - cycle Shift-Dir - straight line, f/p - bullfrog zombie
Aim: a bullfrog zombie (lightly damaged, 81% to hit)
The puff of flame hits Newt's ghost.
Newt's ghost is heavily damaged.
The killer bee zombie hits you.
* * * LOW HITPOINT WARNING * * *
Newt's ghost hits you!
* * * LOW HITPOINT WARNING * * *
The killer bee zombie barely misses you.
The killer bee zombie attacks as you move away!
The killer bee zombie misses you.
The killer bee zombie attacks as you move away!
The killer bee zombie hits you.
* * * LOW HITPOINT WARNING * * *
The killer bee zombie hits you.
* * * LOW HITPOINT WARNING * * *
The killer bee zombie completely misses you.
The killer bee zombie hits you.
You die...

###....#.........#####...#...†..#
#.#.......#####..##.##..###.....#
.....#......###.....#...........#
.##.#......................#.###.
...........................#.##..
.................................
................................#
............W...................#
.###'''###..Z..Z@...............#
.#.......#............####......#
.##.....##...##.........#....#...
.#.......#..)###..............###
###..$$.##..## ##...........####.
#..#.#..#..#####........#..###..
#########...............##......
##...................>..##......
#.....................#####.....


You could see Newt's ghost, a bullfrog zombie and a killer bee zombie.

Vanquished Creatures
  Duvessa (D:4)
  Dowan (D:4)
  2 iguanas (D:4)
  2 adders
  A worm (D:4)
  2 dart slugs
  3 orcs
  5 ball pythons
  11 endoplasms
  7 giant cockroaches
  7 goblins
  4 hobgoblins
  6 quokkas
  3 bats (D:1)
  2 frilled lizards
  11 kobolds
  9 rats
77 creatures vanquished.

Notes
Turn   | Place    | Note
-------+----------+-------------------------------------------
     0 | D:1      | CraigForest the Formicid Hunter began the quest for the
                  | Orb.
     0 | D:1      | Reached XP level 1. HP: 16/16 MP: 1/1
    77 | D:1      | Reached XP level 2. HP: 20/22 MP: 2/2
   405 | D:1      | Reached XP level 3. HP: 28/28 MP: 3/3
  1229 | D:2      | Reached skill level 5 in Ranged Weapons
  1239 | D:2      | Reached XP level 4. HP: 29/34 MP: 4/4
  1315 | D:2      | Gained mutation: You are frail. (-10% HP) [potion of
                  | mutation]
  1315 | D:2      | Gained mutation: Your muscles are strong. (Str +4, Int/Dex
                  | -1) [potion of mutation]
  1316 | D:2      | Lost mutation: Your muscles are strong. (Str +4, Int/Dex
                  | -1) [potion of mutation]
  1316 | D:2      | Lost mutation: You are frail. (-10% HP) [potion of
                  | mutation]
  1316 | D:2      | Gained mutation: You are strong-willed. (Will+) [potion of
                  | mutation]
  1316 | D:2      | Gained mutation: You are robust. (+10% HP) [potion of
                  | mutation]
  1404 | D:2      | Found a faded altar of an unknown god.
  2641 | D:4      | Reached XP level 5. HP: 45/45 MP: 5/5
  2652 | D:4      | Reached skill level 1 in Armour
  2662 | D:4      | Noticed Duvessa
  2663 | D:4      | Noticed Dowan
  2687 | D:4      | Killed Duvessa
  2688 | D:4      | Reached skill level 6 in Ranged Weapons
  2688 | D:4      | Reached XP level 6. HP: 28/51 MP: 6/6
  2699 | D:4      | Killed Dowan
  2899 | D:4      | Found a bloodstained altar of Trog.
  2901 | D:4      | Found a shimmering altar of Xom.
  2905 | D:4      | Found a radiant altar of Vehumet.
  3195 | D:4      | Found a runed translucent gate.
  3195 | D:4      | Found a runed translucent gate.
  3195 | D:4      | Found a runed translucent gate.
  3200 | D:4      | Noticed Newt's ghost (amateur MfGl)
  3289 | D:4      | Found a white marble altar of Elyvilon.
  3342 | D:4      | Slain by a killer bee zombie

Illustrated notes

Levels and vault maps discovered:
D:1:      sevenhm_arrival_forest_fort_large_3, layout_basic, glass_columns_a
D:2:      layout_loops_cross, hellmonk_ecumenical_altar_zigzags,
          kennysheep_generic_room_7
D:3:      layout_loops_corners, st_stairs_10
D:4:      layout_cave_pools, minitemple, gammafunk_ghost_necromancy,
          uniq_duvessa

Skill      XL: |  1  2  3  4  5 |
---------------+----------------+-----
Ranged Weapons | 5 6 |  6.5
Fighting       | 3 |  3.6
Dodging        | 2 |  2.1
Armour         | 1 |  1.7
Stealth        | |  1.5

Action                     |  1- 3 |  4- 6 || total
---------------------------+-------+-------++-------
   Fire: Shortbow          |    79 |       ||    79
         Sling             |    13 |   132 ||   145
  Evoke: Wand              |       |     6 ||     6
    Use: Scroll            |     1 |     5 ||     6
         Potion            |       |     4 ||     4
 Armour: Leather armour    |     8 |     7 ||    15
         Skin              |       |    25 ||    25
  Dodge: Dodged            |    25 |    29 ||    54

Table legend: (Time is in decaauts)
 A = Elapsed time spent in this place.
 B = Non-inter-level travel time spent in this place.
 C = Inter-level travel time spent in this place.
 D = Time resting spent in this place.
 E = Time spent auto-exploring this place.
 F = Levels seen in this place.
 G = Mean time per level.
                   A        B        C        D        E       F      G
               +--------+--------+--------+--------+--------+-----+--------+
         Total |   3378 |   3295 |     83 |      0 |   2478 |   4 |  844.5 |
       Dungeon |   3378 |   3295 |     83 |      0 |   2478 |   4 |  844.5 |
               +--------+--------+--------+--------+--------+-----+--------+

Top non-repeatable levels by time:
     D:3: 923 daAuts
     D:2: 840 daAuts
     D:1: 835 daAuts
     D:4: 778 daAuts
